 Dungeon Crawl Stone Soup version 0.30-a0-313-gae38170b09 (webtiles) character file.

Game seed: 16471678774709922535

23340 ryw the Grappler (level 12, 0/89 HPs)
             Began as a Demonspawn Monk on Oct 26, 2022.
             Was a High Priest of Hepliaklqana.
             Slain by a ten-headed hydra (3 damage)
             ... on level 2 of the Lair of Beasts.
             The game lasted 00:31:27 (16023 turns).

ryw the Grappler (Demonspawn Monk)                 Turns: 16023, Time: 00:31:28

Health: 0/89       AC:  9    Str: 22    XL:     12   Next: 71%
Magic:  27/27      EV: 12    Int: 18    God:    Hepliaklqana [*****.]
Gold:   827        SH:  4    Dex: 15    Spells: 12/19 levels left

rFire   . . .      SeeInvis .      - Unarmed
rCold   . . .      Faith    +    D - +1 buckler
rNeg    . . .      Spirit   .    b - +0 robe {Will+}
rPois   .          Reflect  .    J - +2 helmet {Int+3}
rElec   .          Harm     .    g - scarf {+Inv}
rCorr   .          Rampage  .    (gloves unavailable)
Will    +....                    (no boots)
Stlth   ++........               C
                                   - Hermit's Pendant {Faith Invo=14 Evo=0 MP+5}
HPRegen 0.34/turn                k - +4 ring of protection
MPRegen 0.20/turn                K - +6 ring of strength

@: no status effects
A: reduced essence, claws 3, spiny 1, big brain 1
a: Renounce Religion, Evoke Invisibility, Recall Ancestor, Ancestor Identity,
Transference, Idealise


You were on level 2 of the Lair of Beasts.
You worshipped Hepliaklqana.
Hepliaklqana was extremely pleased with you.
You visited 3 branches of the dungeon, and saw 15 of its levels.

You collected 988 gold pieces.
You spent 161 gold pieces at shops.

Inventory:

Hand Weapons
 v - the +10 trident of the Onslaught {flame, rF+ Str+3 Int+2}
   (You found it on level 5 of the Dungeon)

   It burns those it strikes, dealing additional fire damage.
   Str:       It affects your strength (+3).
   Int:       It affects your intelligence (+2).
   rF:        It protects you from fire.
Missiles
 c - 36 poisoned darts (quivered)
 h - 11 boomerangs
 l - 2 throwing nets
 z - 7 javelins
Armour
 b - a +0 robe of willpower (worn)
 f - the +0 buckler "Raqa" {Fly rC- Str+3}
   (You acquired it on level 1 of the Dungeon)

   Str:       It affects your strength (+3).
   rC:        It makes you vulnerable to cold.
   Fly:       It grants you flight.
 g - a scarf of invisibility (worn)
 n - a +0 plate armour
 o - a +0 scale mail
 D - a +1 buckler (worn)
 J - a +2 helmet of intelligence (worn)
 Q - a +1 robe of cold resistance
 R - a +1 helmet
Jewellery
 k - a +4 ring of protection (left claw)
 r - a ring of wizardry
 w - a ring of see invisible
 C - the Hermit's Pendant (around neck) {Faith Invo=14 Evo=0 MP+5}
   (You found it on level 6 of the Dungeon)

   [amulet of faith]

   It sets your invocations skill to 14 and your evocations skill to 0.
   It allows you to gain divine favour quickly.
   MP:        It affects your magic capacity (+5).
 G - an amulet of magic regeneration
 K - a +6 ring of strength (right claw)
 P - a ring of ice
Wands
 q - a wand of flame (19)
 I - a wand of paralysis (5)
 M - a wand of digging (2)
Scrolls
 a - 4 scrolls of teleportation
 j - 4 scrolls of magic mapping
 y - 2 scrolls of amnesia
 H - a scroll of enchant weapon
 L - a scroll of summoning
 N - 5 scrolls of identify
 O - a scroll of brand weapon
 S - a scroll of enchant armour
Potions
 d - 4 potions of magic
 e - 2 potions of resistance
 i - 2 potions of invisibility
 m - 5 potions of heal wounds
 p - 6 potions of curing
 s - a potion of cancellation {unknown}
 t - 2 potions of flight {unknown}
 u - 2 potions of might {unknown}
 x - 2 potions of degeneration {unknown}
 A - 2 potions of attraction {unknown}
 B - a potion of mutation {unknown}
 E - 3 potions of lignification
 F - 2 potions of haste {unknown}


   Skills:
 + Level 10.7 Fighting
 - Level 5.4 Armour
 - Level 2.6 Dodging
 - Level 1.7 Stealth
 * Level 13.6 Unarmed Combat
 + Level 4.3 Spellcasting
 - Level 6.0 Hexes
 + Level 5.4 Necromancy
 - Level 5.2(0.0) Evocations


You had 12 spell levels left.
You knew the following spells:

 Your Spells              Type           Power      Damage    Failure   Level
a - Slow                  Hex            100%       N/A       1%          1
b - Tukima's Dance        Hex            25%        N/A       4%          3
c - Vampiric Draining     Necr           23%        2d7       6%          3

Your spell library contained the following spells:

 Spells                   Type           Power      Damage    Failure   Level
 Confusing Touch          Hex            25%        N/A       4%          3
 Cause Fear               Hex            12%        N/A       16%         4
 Portal Projectile        Hex/Tloc       28%        N/A       17%         3
 Freeze                   Ice            12%        1d3       19%         1
 Frozen Ramparts          Ice            6%         1d1       50%         3
 Hailstorm                Conj/Ice       3%         3d3       50%         3
 Borgnjor's Vile Clutch   Necr/Erth      6%         N/A       87%         5
 Ice Form                 Ice/Tmut       3%         N/A       88%         4
 Alistair's Intoxication  Tmut/Pois      2%         N/A       99%         5
 Blade Hands              Tmut           1%         N/A       99%         5
 Eringya's Noxious Bog    Tmut/Pois      1%         N/A       100%        6
 Simulacrum               Ice/Necr       6%         N/A       100%        6
 Dragon Form              Tmut           1%         N/A       100%        7
 Dragon's Call            Summ           1%         N/A       100%        9


Dungeon Overview and Level Annotations

Branches:
Dungeon (12/15)            Temple (1/1) D:6            Lair (2/5) D:11
  Snake (0/4) Lair:2          Orc (0/2) D:11
  Swamp: Lair:2-3    Shoals: Lair:2-3

Altars:
Ashenzari
Cheibriados
Dithmenos
Fedhas
Gozag
Hepliaklqana
Kikubaaqudgha
Makhleb
Nemelex Xobeh
Okawaru
Qazlal
Ru
Sif Muna
Trog
Uskayaw
Vehumet
Wu Jian
Xom
Yredelemnul

Shops:
D:11 ?

Annotations:
D:8 2 transporters, IdlyInterested's ghost, novice DsWn
Lair:2 3 runed translucent doors


Innate Abilities, Weirdness & Mutations

Your life essence is reduced to manifest your ancestor. (-10% HP)
You have claws for hands.
You are partially covered in sharp spines.
You have an unusually large brain. (Int +2)


Message History

There is an open door, spattered with blood here.
You see here a +0 trident.
You see here a +2 trident of venom.
The seven-headed hydra roars!
You rip one of the seven-headed hydra's heads off!
The six-headed hydra grows two more!
You claw the eight-headed hydra!
The eight-headed hydra is lightly wounded.
The eight-headed hydra bites you but does no damage. x2
The eight-headed hydra bites you.
The eight-headed hydra closely misses you.
The eight-headed hydra bites you! The eight-headed hydra misses you.
The eight-headed hydra bites you but does no damage. x2
You tear one of the eight-headed hydra's heads off!
The seven-headed hydra grows two more!
You claw the nine-headed hydra!
The nine-headed hydra is lightly wounded.
Decima barely misses the nine-headed hydra.
The nine-headed hydra bites you! x2; The nine-headed hydra bites you.
The nine-headed hydra misses you. The nine-headed hydra bites you.
The nine-headed hydra bites you!
The nine-headed hydra closely misses you.
The nine-headed hydra bites you!
* * * LOW HITPOINT WARNING * * *
The nine-headed hydra closely misses you.
You tear one of the nine-headed hydra's heads off!
The eight-headed hydra grows two more!
You mangle the ten-headed hydra!!
The ten-headed hydra is moderately wounded.
Decima points at the ten-headed hydra and mumbles some strange words.
The ten-headed hydra resists with almost no effort.
Unknown command.
You barely miss the ten-headed hydra.
The ten-headed hydra is moderately wounded.
The ten-headed hydra bites you!
* * * LOW HITPOINT WARNING * * *
The ten-headed hydra bites you but does no damage.
You block the ten-headed hydra's attack.
The ten-headed hydra bites you!
* * * LOW HITPOINT WARNING * * *
The ten-headed hydra closely misses you.
The ten-headed hydra bites you.
You die...

.....# ######'.## ##+..#
#...### ..## ## #########
##..).## ..#
###.##....##.###.###..# P#
##.........#.....## #.##
#.................###+..
.'........†(.._.........
#.....R....)........... .#
#....D@...#............ ...
#...................... ...##
#...................... .....
#...........+..........
.....##.........##.........<.
......#.....P...##...........
.>..........P'#####.#####).##
.N....)#.......# ######..#.#
N. #...#.#.## ##.##.####


You could see the friendly Decima the hexer and a ten-headed hydra (ally
target).

Vanquished Creatures
  Fannar (Lair:1)
  A boulder beetle (D:11)
  2 oklob plants (D:11)
  An ugly thing (D:12)
  4 cyclopes (D:11)
  A manticore (D:11)
  2 merfolk sirens (Lair:2)
  5 cane toads
  Joseph (D:8)
  2 unseen horrors
  A komodo dragon (Lair:1)
  5 trolls
  A merfolk (Lair:2)
  A hornet (D:7)
  3 blink frogs (Lair:2)
  3 shadows (D:11)
  2 wraiths
  A vampire (D:12)
  A wyvern (D:7)
  19 yaks
  A vampire mosquito (D:11)
  2 steam dragons
  2 nagas (Lair:2)
  An acid dragon (D:10)
  2 water moccasins (Lair:1)
  3 orc warriors
  An ice beast (D:6)
  2 black bears
  An ogre (D:6)
  2 wolves (Lair:1)
  6 centaurs
  3 kobold brigands
  A gnoll sergeant (D:7)
  Blork the orc (D:5)
  5 bullfrogs
  A necrophage (D:8)
  4 scorpions
  2 wights (D:7)
  A troll zombie (D:11)
  7 howler monkeys
  A hound (D:6)
  2 jellies (D:7)
  7 orc priests
  A gnoll bouda (D:4)
  18 orc wizards
  3 iguanas
  5 ogre zombies (D:11)
  14 gnolls
  4 adders
  3 ufetubi (D:5)
  3 worms
  4 dart slugs
  38 orcs
  7 ball pythons
  6 endoplasms
  7 goblins
  8 hobgoblins
  5 jackals
  2 quokkas (D:5)
  3 bats
  2 frilled lizards (D:3)
  A goblin zombie (D:11)
  A hobgoblin skeleton (D:11)
  2 hobgoblin zombies (D:11)
  17 kobolds
  An orc skeleton (D:11)
  12 orc zombies (D:11)
  4 rats
286 creatures vanquished.

Vanquished Creatures (collateral kills)
  A boulder beetle (D:11)
  Amaemon (D:8)
  A wizard (D:12)
  A cyclops (D:7)
  An ugly thing (D:12)
  An orange demon (D:8)
  A black mamba (Lair:1)
  A cane toad (Lair:2)
  An unseen horror (D:11)
  2 blink frogs (Lair:2)
  A wraith (D:11)
  3 yaks
  2 nagas (Lair:2)
  A wolf (Lair:1)
  2 centaurs
  3 wights (D:7)
  A troll zombie (D:11)
  A howler monkey (D:12)
  An iguana (D:7)
  4 orc wizards
  An ogre zombie (D:11)
  3 gnolls (D:7)
  A white imp (D:7)
  5 orcs
  A hobgoblin (D:8)
  A hobgoblin skeleton (D:11)
  2 hobgoblin zombies (D:11)
  5 orc zombies (D:11)
49 creatures vanquished.

Vanquished Creatures (others)
  4 hexers
  4 fungi (Lair:2)
  17 plants
25 creatures vanquished.

Grand Total: 360 creatures vanquished

Notes
Turn   | Place    | Note
-------+----------+-------------------------------------------
     0 | D:1      | ryw the Demonspawn Monk began the quest for the Orb.
     0 | D:1      | Reached XP level 1. HP: 18/18 MP: 1/1
   313 | D:1      | Gained mutation: You have sharp fingernails. [demonic
                  | ancestry]
   313 | D:1      | Reached XP level 2. HP: 14/25 MP: 2/2
   666 | D:1      | Reached skill level 3 in Unarmed Combat
   888 | D:2      | You fall into a shaft and drop 1 floor!
   953 | D:3      | Reached XP level 3. HP: 27/30 MP: 3/3
  1070 | D:3      | Found a faded altar of an unknown god.
  1089 | D:3      | Reached skill level 1 in Evocations
  1244 | D:3      | Reached XP level 4. HP: 23/37 MP: 4/4
  2294 | D:2      | Reached skill level 4 in Unarmed Combat
  2333 | D:1      | Identified a scroll of acquirement
  2333 | D:1      | Acquired the +0 buckler "Raqa" {Fly rC- Str+3}
  2619 | D:2      | Gained mutation: You have very sharp fingernails. [demonic
                  | ancestry]
  2619 | D:2      | Reached XP level 5. HP: 31/42 MP: 5/5
  2945 | D:4      | Found a shimmering blue altar of Sif Muna.
  3198 | D:4      | Reached skill level 1 in Armour
  3207 | D:4      | Gained mutation: You are partially covered in sharp spines.
                  | [demonic ancestry]
  3207 | D:4      | Reached XP level 6. HP: 45/48 MP: 6/6
  3886 | D:5      | Entered Level 5 of the Dungeon
  4381 | D:5      | Reached skill level 5 in Unarmed Combat
  4415 | D:5      | Gained mutation: You have claws for hands. [demonic
                  | ancestry]
  4415 | D:5      | Reached XP level 7. HP: 42/55 MP: 7/7
  4555 | D:5      | Identified the +10 trident of the Onslaught {flame, rF+
                  | Str+3 Int+2}
  4956 | D:5      | Noticed Blork the orc
  4961 | D:5      | Killed Blork the orc
  5363 | D:6      | Reached skill level 6 in Unarmed Combat
  5456 | D:6      | Reached skill level 5 in Fighting
  5458 | D:6      | Reached XP level 8. HP: 58/62 MP: 8/8
  5778 | D:6      | Reached skill level 7 in Unarmed Combat
  5819 | D:6      | Found a staircase to the Ecumenical Temple.
  5834 | Temple   | Entered the Ecumenical Temple
  5863 | Temple   | Became a worshipper of Hepliaklqana the Forgotten
  5863 | Temple   | Reached * piety under Hepliaklqana
  5863 | Temple   | Reached ** piety under Hepliaklqana
  5864 | Temple   | Remembered your ancestor Decima as a hexer
  5978 | D:6      | Reached skill level 5 in Evocations
  6113 | D:6      | Found a faded altar of an unknown god.
  6113 | D:6      | Found the Hermit's Pendant {Faith Invo=14 Evo=0 MP+5}
  6124 | D:6      | Killed an unseen horror
  6125 | D:6      | Reached XP level 9. HP: 42/62 MP: 8/19
  6425 | D:7      | Found a snail-covered altar of Cheibriados.
  6431 | D:7      | Found an iron altar of Okawaru.
  6448 | D:7      | Reached skill level 8 in Unarmed Combat
  6657 | D:7      | Noticed a cyclops
  6672 | D:7      | Killed a cyclops
  6673 | D:7      | Reached skill level 9 in Unarmed Combat
  6951 | D:7      | Found a basalt altar of Yredelemnul.
  7304 | D:7      | Reached *** piety under Hepliaklqana
  7528 | D:8      | Found a radiant altar of Vehumet.
  7628 | D:8      | Noticed an orange demon
  7629 | D:8      | Noticed Amaemon
  7719 | D:8      | Noticed Joseph
  7747 | D:8      | Killed Joseph
  7748 | D:8      | Reached XP level 10. HP: 56/71 MP: 20/20
  7995 | D:8      | Noticed a brown ugly thing
  7995 | D:8      | Noticed IdlyInterested's ghost (novice DsWn)
  8055 | D:8      | Found a transporter.
  8205 | D:8      | Killed an orange demon
  8206 | D:8      | Reached skill level 5 in Armour
  8218 | D:8      | Killed Amaemon
  8219 | D:8      | Reached skill level 10 in Unarmed Combat
  8570 | D:8      | Found a transporter.
  8676 | D:8      | Learned a level 1 spell: Slow
  9181 | D:9      | Reached **** piety under Hepliaklqana
  9511 | D:9      | Reached skill level 1 in Hexes
  9570 | D:10     | Entered Level 10 of the Dungeon
  9842 | D:10     | Reached skill level 11 in Unarmed Combat
 10041 | D:10     | Found an ancient bone altar of Kikubaaqudgha.
 10351 | D:10     | Identified the +3 long sword of Prudence {vorpal, rElec
                  | Will- Str+2 Dex+7}
 10533 | D:11     | Gained mutation: You have an unusually large brain. (Int
                  | +2) [demonic ancestry]
 10533 | D:11     | Reached XP level 11. HP: 64/78 MP: 21/21
 10840 | D:11     | Found a staircase to the Orcish Mines.
 11045 | D:11     | Found Otseil's Magic Scroll Shop.
 11071 | D:11     | Bought a scroll of summoning for 161 gold pieces
 11112 | D:11     | Noticed a boulder beetle
 11424 | D:11     | Reached skill level 12 in Unarmed Combat
 11556 | D:11     | Noticed a boulder beetle
 11642 | D:12     | Learned a level 3 spell: Tukima's Dance
 11646 | D:12     | Learned a level 3 spell: Vampiric Draining
 11648 | D:12     | Reached ***** piety under Hepliaklqana
 11692 | D:12     | Noticed a wizard
 11700 | D:12     | Killed a wizard
 11733 | D:12     | Noticed a red ugly thing
 11741 | D:12     | Killed a red ugly thing
 11742 | D:12     | Reached skill level 1 in Necromancy
 11849 | D:12     | Reached skill level 1 in Spellcasting
 11986 | D:12     | Noticed a purple ugly thing
 12004 | D:12     | Killed a purple ugly thing
 12005 | D:12     | Reached skill level 5 in Hexes
 12124 | D:12     | Noticed a white ugly thing
 12187 | D:11     | Noticed an oklob plant
 12192 | D:11     | Found a staircase to the Lair.
 12192 | D:11     | Noticed an oklob plant
 12825 | D:11     | Killed a boulder beetle
 12826 | D:11     | Reached XP level 12. HP: 33/87 MP: 22/22
 12998 | D:11     | Killed a boulder beetle
 12999 | D:11     | Reached skill level 10 in Fighting
 13774 | Lair:1   | Entered Level 1 of the Lair of Beasts
 13997 | Lair:1   | Reached skill level 13 in Unarmed Combat
 14114 | Lair:1   | Noticed Fannar
 14255 | Lair:1   | Killed Fannar
 14977 | Lair:2   | Found a runed translucent gate.
 14978 | Lair:2   | Found a runed translucent gate.
 14979 | Lair:2   | Found a runed translucent gate.
 15109 | Lair:2   | Found a radiant altar of Vehumet.
 15262 | Lair:2   | Found a staircase to the Snake Pit.
 15263 | Lair:2   | Noticed a seven-headed hydra
 15660 | Lair:2   | Reached skill level 5 in Necromancy
 16023 | Lair:2   | HP: 3/89 [ten-headed hydra (13)]
 16023 | Lair:2   | Slain by a ten-headed hydra

Illustrated notes

Levels and vault maps discovered:
D:1:      dpeg_arrival_castle, layout_loops_ring, serial_bayou_lagoon_a,
          minmay_tromino_i2
D:2:      minmay_door_path, layout_basic
D:3:      layout_basic, dreamdust_ecumenical_altar_grove
D:4:      layout_basic, old_standard_altar, grunt_ministairs_7
D:5:      minmay_opposing_rooms, layout_basic, uniq_blork_the_orc
D:6:      hellmonk_crumbling_castle, layout_basic,
          minmay_temple_entry_antechambers, hellmonk_guarded_unrand_hermit
D:7:      layout_cave_pools, yredelemnul_altar_generic,
          chequers_temple_overflow_statue_of_worship
D:8:      layout_basic, vehumet_altar_wand_db, gammafunk_ghost_arena,
          uniq_joseph, uniq_amaemon
D:9:      layout_small_grid
D:10:     layout_rooms, nicolae_kikubaaqudgha_miasma_corner
D:11:     minmay_s_stair_smasher, layout_stronghold, dpeg_oklobed_lair,
          zombieorc2_lemuel, serial_shops, shop,
          nicolae_concentric_dashed_squares_mild
D:12:     layout_cave_pods, uniq_lodul
Temple:   minmay_temple_bridge_d
Lair:1:   layout_cave_pods, serial_rivers, chequers_serial_rivers_room_b,
          chequers_serial_rivers_marsh, chequers_serial_rivers_micro_e,
          chequers_serial_rivers_small_b, chequers_serial_rivers_micro_b,
          chequers_serial_rivers_room_b, uniq_fannar
Lair:2:   layout_roguey, elwin_shoals_entry_stream,
          minmay_snake_entry_guardpost_small, basic_altar,
          ebering_ghost_rock_garden, minmay_stone_trees_small

Skill      XL: |  1  2  3  4  5  6  7  8  9 10 11 12 |
---------------+-------------------------------------+-----
Unarmed Combat | 3 4 5 6 7 9 11 12 13 | 13.6
Evocations     | 1 2 3 4 5 |  5.2
Armour         | 1 2 4 5 |  5.4
Fighting       | 4 5 6 7 8 9 10 | 10.7
Hexes          | 3 5 6 |  6.0
Necromancy     | 3 5 |  5.4
Spellcasting   | 2 4 |  4.3
Dodging        | |  2.6
Stealth        | |  1.7

Action                   |  1- 3 |  4- 6 |  7- 9 | 10-12 || total
-------------------------+-------+-------+-------+-------++-------
Melee: Unarmed           |    98 |   141 |   187 |   443 ||   869
       Punch             |     1 |     1 |       |       ||     2
Throw: Dart              |       |       |     8 |     7 ||    15
       Javelin           |       |       |     2 |       ||     2
Invok: Ancestor Life: He |       |       |     1 |       ||     1
       Recall Ancestor   |       |       |     1 |     4 ||     5
  Use: Potion            |     1 |     1 |       |     3 ||     5
       Scroll            |       |     7 |     5 |     7 ||    19
 Stab: Sleeping          |     2 |     2 |       |       ||     4
       Confused          |       |       |     1 |    16 ||    17
       Distracted        |       |       |       |     8 ||     8
       Invisible         |       |       |       |     5 ||     5
Armor: Ring mail         |    15 |    11 |       |       ||    26
       Robe              |     1 |       |       |    88 ||    89
       Scale mail        |       |    27 |    81 |    21 ||   129
Dodge: Dodged            |    44 |    64 |    84 |   168 ||   360
Block: Buckler           |       |    15 |    25 |    77 ||   117

Table legend: (Time is in decaauts)
 A = Elapsed time spent in this place.
 B = Non-inter-level travel time spent in this place.
 C = Inter-level travel time spent in this place.
 D = Time resting spent in this place.
 E = Time spent auto-exploring this place.
 F = Levels seen in this place.
 G = Mean time per level.
                   A        B        C        D        E       F      G
               +--------+--------+--------+--------+--------+-----+--------+
         Total |  15960 |  15116 |    844 |   2764 |   9742 |  15 | 1064.0 |
       Dungeon |  13670 |  12978 |    692 |   2397 |   8335 |  12 | 1139.2 |
        Temple |     48 |     32 |     16 |      0 |     20 |   1 |   48.0 |
          Lair |   2241 |   2105 |    136 |    367 |   1386 |   2 | 1120.5 |
               +--------+--------+--------+--------+--------+-----+--------+

Top non-repeatable levels by time:
    D:11: 2752 daAuts
  Lair:1: 1290 daAuts
     D:7: 1246 daAuts
     D:4: 1238 daAuts
     D:6: 1231 daAuts
     D:5: 1188 daAuts
     D:8: 1151 daAuts
     D:3: 1094 daAuts
     D:1: 1078 daAuts
  Lair:2: 951 daAuts
    D:10: 856 daAuts
     D:2: 704 daAuts
     D:9: 579 daAuts
    D:12: 550 daAuts
  Temple: 48 daAuts
